 Dungeon Crawl Stone Soup version 0.27.1-4-g1640c2035a (webtiles) character file.

Game seed: 6821898382786283459

232 zeram the Shield-Bearer (level 6, 0/53 HPs)
             Began as a Gnoll Fighter on Nov 17, 2021.
             Killed by nerve-wracking pain
             ... invoked by an orc priest
              (6 damage)
             ... on level 3 of the Dungeon.
             The game lasted 00:03:39 (2446 turns).

zeram the Shield-Bearer (Gnoll Fighter)             Turns: 2446, Time: 00:03:40

Health: 0/53       AC: 13    Str: 15    XL:     6   Next: 4%
Magic:  8/8        EV:  3    Int:  9    God:
Gold:   89         SH: 10    Dex: 12    Spells: 8/8 levels left

rFire    . . .     SeeInvis .   a - +1 trident
rCold    . . .     Faith    .   c - +0 kite shield
rNeg     . . .     Spirit   .   f - +0 plate armour
rPois    .         Reflect  .   (no helmet)
rElec    .         Harm     .   (no cloak)
rCorr    .         Rampage  .   (no gloves)
Will     .....                  (no boots)
Stlth    ..........             (no amulet)
HPRegen  0.17/turn              (no ring)
MPRegen  0.11/turn              (no ring)

@: attractive
A: fangs 1, strong nose, distributed training
a: no special abilities


You were on level 3 of the Dungeon.
You visited 1 branch of the dungeon, and saw 3 of its levels.

You collected 89 gold pieces.

Inventory:

Hand Weapons
 a - a +1 trident (weapon)
Armour
 b - a +0 scale mail
 c - a +0 kite shield (worn)
 f - a +0 plate armour (worn)
 i - a +0 buckler
Scrolls
 e - a scroll of blinking {unknown}
Potions
 d - a potion of attraction
 g - a potion of curing
 h - a potion of berserk rage {unknown}
 j - a potion of haste {unknown}
 l - a potion of flight {unknown}


   Skills:
 + Level 6.7 Fighting
 + Level 1.7 Short Blades
 + Level 1.7 Long Blades
 + Level 1.7 Axes
 + Level 1.7 Maces & Flails
 + Level 4.9 Polearms
 + Level 1.7 Staves
 + Level 1.7 Slings
 + Level 1.7 Bows
 + Level 1.7 Crossbows
 + Level 1.7 Throwing
 + Level 6.7 Armour
 + Level 1.7 Dodging
 + Level 1.7 Stealth
 + Level 6.7 Shields
 + Level 1.7 Unarmed Combat
 + Level 1.7 Spellcasting
 + Level 1.3 Conjurations
 + Level 1.3 Hexes
 + Level 1.3 Summonings
 + Level 1.3 Necromancy
 + Level 1.3 Translocations
 + Level 1.3 Transmutations
 + Level 1.3 Fire Magic
 + Level 1.3 Ice Magic
 + Level 1.3 Air Magic
 + Level 1.3 Earth Magic
 + Level 1.3 Poison Magic
 + Level 2.0 Invocations
 + Level 1.7 Evocations


You had 8 spell levels left.
You didn't know any spells.
Your spell library contained the following spells:

 Spells                   Type           Power      Damage    Failure   Level
 Corpse Rot               Necr/Air       N/A        N/A       100%        2
 Dispel Undead            Necr           3%         3d7       100%        4
 Death Channel            Necr           1%         N/A       100%        6


Dungeon Overview and Level Annotations

Branches:
Dungeon (3/15)

Altars:
Qazlal

Shops:
D:2 !


Innate Abilities, Weirdness & Mutations

You have very sharp teeth.
Your uncanny sense of smell can sniff out nearby items.
Your experience applies equally to all skills.


Message History

You are too injured to fight recklessly!
Unknown command.
It was a potion of attraction.
You feel attractive to monsters. You block the orc's attack.
You closely miss the orc. The orc hits you but does no damage.
You closely miss the orc. The orc hits you with a +0 flail.
You puncture the orc!
You kill the orc!
You hit the orc.
The orc is moderately wounded.
The orc hits you but does no damage.
The orc priest calls upon Beogh to heal the orc.
The orc's wounds heal themselves!
You closely miss the orc. The orc hits you but does no damage.
You block the orc's attack.
You barely miss the orc. The orc hits you with a +0 club.
Your plate armour prevents you from hitting the orc.
The orc hits you but does no damage.
The orc priest calls down the wrath of Beogh upon you.
Beogh smites you!
* * * LOW HITPOINT WARNING * * *
You puncture the orc!
You kill the orc!
The orc priest miscasts a cantrip.
The orc priest is pulled toward you!
You puncture the orc priest!
The orc priest is severely wounded.
You block the orc priest's attack.
You barely miss the orc priest.
The orc priest is severely wounded.
The orc priest hits you with a +0 short sword.
* * * LOW HITPOINT WARNING * * *
The orc priest hits you with a +0 short sword.
* * * LOW HITPOINT WARNING * * *
Your shield prevents you from hitting the orc priest.
The orc priest is severely wounded.
The orc priest invokes the aid of Beogh against you.
Pain shoots through your body!
You die...

#.# #.# #.# ..#
..# # ..# #. .>#
#..
#...#############
+...o@..........#
#
#...#######.#####
+.. ### #.# #..
#.# #.. #.# #.#
#.##### #.#
#.....# #.#
#####.# #.# #.#


You could see an orc priest.

Vanquished Creatures
  An ogre (D:2)
  Robin (D:2)
  5 adders
  An ufetubus (D:3)
  2 worms (D:2)
  2 dart slugs
  4 orcs (D:3)
  4 bats
  4 endoplasms
  3 giant cockroaches
  14 goblins
  6 hobgoblins
  2 jackals (D:2)
  5 kobolds
  2 quokkas (D:1)
  9 ball pythons
  7 frilled lizards
  4 rats
76 creatures vanquished.

Notes
Turn   | Place    | Note
-------+----------+-------------------------------------------
     0 | D:1      | zeram the Gnoll Fighter began the quest for the Orb.
     0 | D:1      | Reached XP level 1. HP: 23/23 MP: 1/1
   174 | D:1      | Reached XP level 2. HP: 29/29 MP: 2/2
   553 | D:1      | Reached XP level 3. HP: 35/35 MP: 3/3
   758 | D:2      | Found a faded altar of an unknown god.
   812 | D:2      | Reached skill level 1 in Invocations
   819 | D:2      | Found Maqiopt's Distillery.
   843 | D:2      | Noticed Robin
   854 | D:2      | Killed Robin
   855 | D:2      | Reached skill level 1 in Short Blades
   855 | D:2      | Reached skill level 1 in Long Blades
   855 | D:2      | Reached skill level 1 in Axes
   855 | D:2      | Reached skill level 1 in Maces & Flails
   855 | D:2      | Reached skill level 1 in Staves
   855 | D:2      | Reached skill level 1 in Slings
   855 | D:2      | Reached skill level 1 in Bows
   855 | D:2      | Reached skill level 1 in Crossbows
   855 | D:2      | Reached skill level 1 in Throwing
   855 | D:2      | Reached skill level 1 in Dodging
   855 | D:2      | Reached skill level 1 in Stealth
   855 | D:2      | Reached skill level 1 in Unarmed Combat
   855 | D:2      | Reached skill level 1 in Spellcasting
   855 | D:2      | Reached skill level 1 in Evocations
   858 | D:2      | Reached XP level 4. HP: 35/41 MP: 5/5
  1251 | D:2      | Noticed an ogre
  1263 | D:2      | Reached skill level 1 in Conjurations
  1263 | D:2      | Reached skill level 1 in Hexes
  1263 | D:2      | Reached skill level 1 in Summonings
  1263 | D:2      | Reached skill level 1 in Necromancy
  1263 | D:2      | Reached skill level 1 in Translocations
  1263 | D:2      | Reached skill level 1 in Transmutations
  1263 | D:2      | Reached skill level 1 in Fire Magic
  1263 | D:2      | Reached skill level 1 in Ice Magic
  1263 | D:2      | Reached skill level 1 in Air Magic
  1263 | D:2      | Reached skill level 1 in Earth Magic
  1263 | D:2      | Reached skill level 1 in Poison Magic
  1294 | D:2      | Killed an ogre
  1295 | D:2      | Reached XP level 5. HP: 14/47 MP: 5/7
  2087 | D:3      | Found a stormy altar of Qazlal.
  2426 | D:3      | Reached XP level 6. HP: 53/53 MP: 8/8
  2446 | D:3      | Killed from afar by an orc priest

Illustrated notes

Levels and vault maps discovered:
D:1:      dpeg_arrival_long_road, layout_rooms, minmay_misc_feat_diagonals,
          wander_ebering_terrifying_dragon_lair
D:2:      layout_basic, serial_shops, nicolae_shop_window_shopping,
          hellmonk_ecumenical_altar_dog_temple, kennysheep_nondescript,
          minmay_vboxes, uniq_robin
D:3:      layout_basic, lemuel_coloured_pillars_altar, uniq_ijyb

Skill      XL: |  1  2  3  4  5  6 |
---------------+-------------------+-----
Invocations    | 1 2 |  2.0
Short Blades   | 1 |  1.7
Long Blades    | 1 |  1.7
Axes           | 1 |  1.7
Maces & Flails | 1 |  1.7
Staves         | 1 |  1.7
Slings         | 1 |  1.7
Bows           | 1 |  1.7
Crossbows      | 1 |  1.7
Throwing       | 1 |  1.7
Dodging        | 1 |  1.7
Stealth        | 1 |  1.7
Unarmed Combat | 1 |  1.7
Spellcasting   | 1 |  1.7
Evocations     | 1 |  1.7
Conjurations   | 1 |  1.3
Hexes          | 1 |  1.3
Summonings     | 1 |  1.3
Necromancy     | 1 |  1.3
Translocations | 1 |  1.3
Transmutations | 1 |  1.3
Fire Magic     | 1 |  1.3
Ice Magic      | 1 |  1.3
Air Magic      | 1 |  1.3
Earth Magic    | 1 |  1.3
Poison Magic   | 1 |  1.3
Fighting       | |  6.7
Polearms       | |  4.9
Armour         | |  6.7
Shields        | |  6.7

Action                   |  1- 3 |  4- 6 || total
-------------------------+-------+-------++-------
Melee: Trident           |   104 |   154 ||   258
       Bite              |     6 |     4 ||    10
  Use: Scroll            |     4 |       ||     4
       Potion            |       |     2 ||     2
Armor: Plate armour      |    50 |   105 ||   155
       Scale mail        |     3 |       ||     3
Dodge: Dodged            |     9 |    17 ||    26
Block: Kite shield       |    44 |    70 ||   114
